 Dungeon Crawl Stone Soup version 0.30-a0-930-gb9d0489357 (webtiles) character file.

Game seed: 15683336103585431480

513 Dirtsage the Chopper (level 7, 44/52 HPs)
             Began as a Demonspawn Fighter on Mar 23, 2023.
             Was an Initiate of Okawaru.
             Quit the game in a sewer.
             The game lasted 00:08:52 (3684 turns).

Dirtsage the Chopper (Demonspawn Fighter)           Turns: 3684, Time: 00:08:52

Health: 44/52      AC:  7    Str: 18    XL:     7   Next: 0%
Magic:  7/7        EV: 14    Int: 10    God:    Okawaru [......]
Gold:   229        SH:  4    Dex: 12    Spells: 6/6 levels left

rFire   . . .      SeeInvis .    a - +0 war axe
rCold   . . .      Faith    .    c - +0 buckler
rNeg    . . .      Spirit   .    b - +0 scale mail
rPois   .          Reflect  .    (helmet restricted)
rElec   .          Rampage  .    (no cloak)
rCorr   .                        (no gloves)
Will    .....                    i - +0 pair of boots Stlth
                                 (no amulet)
HPRegen 0.28/turn                j - ring of flight
MPRegen 0.10/turn                r - +5 ring of evasion

@: flying
A: antennae 2, ignite blood 1, demonic magic 1
a: Renounce Religion


You were in a sewer.
You worshipped Okawaru.
Okawaru was noncommittal.
You visited 2 branches of the dungeon, and saw 6 of its levels.
You also visited: Sewer.

You collected 229 gold pieces.

Inventory:

Hand Weapons
 a - a +0 war axe (weapon)
 l - a +0 mace of protection
Armour
 b - a +0 scale mail (worn)
 c - a +0 buckler (worn)
 i - a +0 pair of boots (worn)
Jewellery
 j - a ring of flight (left hand)
 r - a +5 ring of evasion (right hand)
Wands
 m - a wand of flame (8)
Scrolls
 e - 5 scrolls of identify {unknown}
 f - a scroll of fear {unknown}
 h - 3 scrolls of teleportation {unknown}
 k - a scroll of fog {unknown}
 n - 2 scrolls of blinking {unknown}
 o - 3 scrolls of enchant weapon {unknown}
 p - a scroll of amnesia {unknown}
 q - a scroll of poison {unknown}
 t - a scroll of torment {unknown}
Potions
 d - a potion of might
 g - 3 potions of curing {unknown}
 s - 2 potions of flight {unknown}
 u - a potion of degeneration {unknown}
 v - 2 potions of lignification {unknown}
 w - a potion of magic {unknown}


   Skills:
 - Level 3.0 Fighting
 * Level 7.0 Axes
 - Level 2.6 Armour
 - Level 2.6 Shields


You had 6 spell levels left.
You didn't know any spells.
Your spell library contained the following spells:

 Spells                   Type           Power      Damage    Failure   Level
 Beastly Appendage        Tmut           0%         N/A       85%         1
 Slow                     Hex            0%         N/A       85%         1
 Poisonous Vapours        Pois/Air       0%         N/A       94%         2
 Sublimation of Blood     Necr           0%         N/A       94%         2
 Wereblood                Tmut           0%         N/A       94%         2
 Confusing Touch          Hex            0%         N/A       99%         3
 Spider Form              Tmut/Pois      0%         N/A       99%         3
 Vampiric Draining        Necr           0%         2d6       99%         3
 Petrify                  Tmut/Erth      0%         N/A       100%        4
 Alistair's Intoxication  Tmut/Pois      0%         N/A       100%        5
 Irradiate                Conj/Tmut      0%         3d11      100%        5
 Iron Shot                Conj/Erth      0%         9d1       100%        6
 Summon Hydra             Summ           Unusable   N/A       N/A         7

Dungeon Overview and Level Annotations

Branches:
Dungeon (5/15)             Temple (1/1) D:4           Sewer (1/1)

Altars:
Cheibriados
Dithmenos
Gozag
Hepliaklqana
Kikubaaqudgha
Makhleb
Nemelex Xobeh
Okawaru
Qazlal
Ru
Sif Muna
Trog
Uskayaw
Vehumet
Wu Jian
Xom

Shops:
D:1 =

Annotations:
D:5 Eustachio


Innate Abilities, Weirdness & Mutations

You have a pair of antennae on your head.
Your demonic aura sometimes causes spilled blood to erupt in flames.
Spells you cast may paralyse adjacent enemies.


Message History

The adder barely misses you.
You slash the adder!
The adder is severely wounded.
The adder misses you.
You slash the adder!
You kill the adder!
Okawaru accepts your kill.
You barely miss the adder. The adder barely misses you. The adder misses you.
You closely miss the adder. You block the adder's attack.
The adder bites you but does no damage.
You closely miss the adder. The adder bites you.
You are poisoned.
The adder poisons you!
You take 3 damage, and have 44/47 hp.
You miss the adder.
You feel sick. The adder bites you but does no damage.
The adder barely misses you.
You take 2 damage, and have 42/47 hp.
You hit the adder but do no damage.
You feel sick. The adder bites you but does no damage.
You barely miss the adder.
You feel sick. The adder bites you but does no damage.
The adder barely misses you.
You take 1 damage, and have 41/47 hp.
You miss the adder.
You feel sick.
You are no longer poisoned.
The adder closely misses you.
You take 2 damage, and have 39/47 hp.
You barely miss the adder. You block the adder's attack.
The adder bites you but does no damage.
You slash the adder!
The adder is almost dead.
The adder is engulfed in blazing flames.
You kill the adder!
Okawaru accepts your kill.
Your Axes skill increases to level 7!
You have reached level 7!
Your demonic ancestry asserts itself...
A menacing aura infuses your magic.
You regained 4 hp, and now have 44/52 hp.
MP restored: 7 Are you sure you want to abandon this character and quit the game? (Confirm with "yes".)

#######################
~.~.~~.~~~.~..~@.~.~..~
~....~~~..~~~~.~○..~~..
#######.###############
#~# #~# #~# #~# #~# #~#
{


There were no monsters in sight!

Vanquished Creatures
  2 ogres
  An iguana (D:5)
  Natasha (thrice) (D:2)
  Robin (D:2)
  8 gnolls
  5 adders
  A river rat (D:5)
  A shadow imp (D:4)
  An ufetubus (D:3)
  2 worms (D:2)
  An orc (D:4)
  13 ball pythons
  2 bats (D:1)
  7 endoplasms
  8 giant cockroaches
  13 goblins
  4 hobgoblins
  3 quokkas
  4 frilled lizards
  4 kobolds
  8 rats
92 creatures vanquished.

Notes
Turn   | Place    | Note
-------+----------+-------------------------------------------
     0 | D:1      | Dirtsage the Demonspawn Fighter began the quest for the
                  | Orb.
     0 | D:1      | Reached XP level 1. HP: 18/18 MP: 1/1
    35 | D:1      | Reached skill level 2 in Axes
   142 | D:1      | Gained mutation: Your demonic aura sometimes causes spilled
                  | blood to erupt in flames. [demonic ancestry]
   142 | D:1      | Reached XP level 2. HP: 21/24 MP: 2/2
   193 | D:1      | Found Zoisohyt's Jewellery Shop.
   283 | D:1      | You fall into a shaft and drop 1 floor!
   327 | D:2      | Reached skill level 3 in Axes
   358 | D:2      | Noticed Robin
   365 | D:2      | Killed Robin
   366 | D:2      | Gained mutation: You have a pair of small antennae on your
                  | head. [demonic ancestry]
   366 | D:2      | Reached XP level 3. HP: 25/29 MP: 3/3
   836 | D:1      | Gained mutation: You have a pair of antennae on your head.
                  | [demonic ancestry]
   836 | D:1      | Reached XP level 4. HP: 32/35 MP: 4/4
   870 | D:2      | Reached skill level 4 in Axes
  1099 | D:2      | Noticed Natasha
  1105 | D:2      | Killed Natasha
  1140 | D:2      | Noticed Natasha
  1146 | D:2      | Killed Natasha
  1147 | D:2      | Reached XP level 5. HP: 40/41 MP: 5/5
  1284 | D:2      | Reached skill level 5 in Axes
  1417 | D:2      | Noticed Natasha
  1420 | D:2      | Killed Natasha
  2764 | D:4      | Noticed an ogre
  2771 | D:4      | Killed an ogre
  2772 | D:4      | Reached skill level 6 in Axes
  2772 | D:4      | Reached XP level 6. HP: 27/47 MP: 6/6
  2866 | D:4      | Found a staircase to the Ecumenical Temple.
  2877 | Temple   | Entered the Ecumenical Temple
  2884 | Temple   | Became a worshipper of Warmaster Okawaru
  2897 | D:4      | Got Pokias's Parchment of the Fault and Nausea
  3366 | D:5      | Entered Level 5 of the Dungeon
  3475 | D:5      | Found a glowing drain.
  3500 | D:5      | Noticed Eustachio
  3502 | Sewer    | Entered a sewer
  3684 | Sewer    | Reached skill level 7 in Axes
  3684 | Sewer    | Gained mutation: Spells you cast may paralyse adjacent
                  | enemies. [demonic ancestry]
  3684 | Sewer    | Reached XP level 7. HP: 44/52 MP: 7/7
  3684 | Sewer    | Quit the game

Illustrated notes

Levels and vault maps discovered:
D:1:      dpeg_arrival_water_temple_mockup, layout_basic, serial_shops, shop,
          palyth_stone_intersect
D:2:      layout_rooms, uniq_natasha, uniq_robin
D:3:      layout_basic, grunt_decor_resistance
D:4:      layout_basic, minmay_temple_entry_offerings
D:5:      layout_rooms, serial_shops, nicolae_square_shop, shop,
          portal_sewer_entry_a, uniq_ijyb, uniq_duvessa, uniq_pikel,
          uniq_eustachio
Temple:   nicolae_temple_no_exploring_needed
Sewer:    sewer_co_cracked_pipes

Skill      XL: |  1  2  3  4  5  6 |
---------------+-------------------+-----
Axes           | 2 3 4 6 7 |  7.0
Fighting       | |  3.0
Armour         | |  2.6
Shields        | |  2.6

Action                     |  1- 3 |  4- 6 |  7- 9 || total
---------------------------+-------+-------+-------++-------
  Melee: War axe           |    75 |   159 |       ||   234
  Evoke: Wand              |       |     4 |       ||     4
    Use: Potion            |       |     1 |       ||     1
 Armour: Scale mail        |    50 |    52 |       ||   102
  Dodge: Dodged            |    35 |    94 |       ||   129
  Block: Buckler           |    12 |    42 |       ||    54

Table legend: (Time is in decaauts)
 A = Elapsed time spent in this place.
 B = Non-inter-level travel time spent in this place.
 C = Inter-level travel time spent in this place.
 D = Time resting spent in this place.
 E = Time spent auto-exploring this place.
 F = Levels seen in this place.
 G = Mean time per level.
                   A        B        C        D        E       F      G
               +--------+--------+--------+--------+--------+-----+--------+
         Total |   3767 |   3542 |    225 |    376 |   2525 |   7 |  538.1 |
       Dungeon |   3565 |   3346 |    219 |    291 |   2467 |   5 |  713.0 |
        Temple |     14 |      8 |      6 |      0 |      0 |   1 |   14.0 |
         Sewer |    186 |    186 |      0 |     85 |     58 |   1 |  186.0 |
               +--------+--------+--------+--------+--------+-----+--------+

Top non-repeatable levels by time:
     D:3: 1201 daAuts
     D:1: 844 daAuts
     D:4: 768 daAuts
     D:2: 663 daAuts
   Sewer: 186 daAuts
     D:5: 88 daAuts
  Temple: 14 daAuts
